 Dungeon Crawl Stone Soup version 0.30.1-4-g462c640d31 (webtiles) character file.

Game seed: 6227655573337163046

310 Bobit the Vexing (level 6, -26/47 HPs)
             Began as a Gnoll Hexslinger on Aug 11, 2023.
             Was an Initiate of Dithmenos.
             Killed by an exploding adder (28 damage)
             ... ignited by their inner flame
             ... on level 3 of the Dungeon.
             The game lasted 00:12:56 (3167 turns).

Bobit the Vexing (Gnoll Hexslinger)                 Turns: 3167, Time: 00:12:58

Health: -26/47     AC:  3    Str:  9      XL:     6   Next: 41%
Magic:  0/11       EV: 13    Int: 12 (13) God:    Dithmenos [......]
Gold:   84         SH:  0    Dex: 14      Spells: 12/12 levels left

rFire   . . .        a - +1 sling
rCold   . . .        (no shield)
rNeg    . . .        g - +0 leather armour
rPois   .            (no helmet)
rElec   .            (no cloak)
rCorr   .            (no gloves)
SInv    .            (no boots)
Will    .....        q - amulet of guardian spirit
Stlth   ++           (no ring)
HPRegen 0.27/turn    (no ring)
MPRegen 0.12/turn

%: guardian spirit
@: weak-willed
A: fangs 1, strong nose, distributed training
a: Renounce Religion


You were on level 3 of the Dungeon.
You worshipped Dithmenos.
Dithmenos was noncommittal.
You visited 1 branch of the dungeon, and saw 3 of its levels.

You collected 84 gold pieces.

Inventory:

Hand Weapons
 a - a +1 sling (weapon)
 k - a +0 short sword
Armour
 c - a +0 robe
 g - a +0 leather armour (worn)
Jewellery
 q - an amulet of guardian spirit (around neck)
Scrolls
 b - a scroll of poison
 d - 2 scrolls of identify
 f - 2 scrolls of amnesia
 i - a scroll of fog
 m - a scroll of vulnerability
 o - a scroll of enchant armour {unknown}
Potions
 e - a potion of flight


   Skills:
 + Level 3.3 Fighting
 + Level 2.0 Short Blades
 + Level 2.0 Long Blades
 + Level 2.0 Axes
 + Level 2.0 Maces & Flails
 + Level 2.0 Polearms
 + Level 2.0 Staves
 + Level 5.0 Ranged Weapons
 + Level 2.0 Throwing
 + Level 2.0 Armour
 + Level 5.0 Dodging
 + Level 2.0 Stealth
 + Level 2.0 Shields
 + Level 2.0 Unarmed Combat
 + Level 3.5 Spellcasting
 + Level 1.6 Conjurations
 + Level 5.7 Hexes
 + Level 1.6 Summonings
 + Level 1.6 Necromancy
 + Level 1.6 Translocations
 + Level 1.6 Transmutations
 + Level 1.6 Fire Magic
 + Level 1.6 Ice Magic
 + Level 1.6 Air Magic
 + Level 1.6 Earth Magic
 + Level 1.6 Poison Magic
 + Level 2.2 Invocations
 + Level 2.0 Evocations


You had 12 spell levels left.
You didn't know any spells.
Your spell library contained the following spells:

 Spells                   Type           Power      Damage    Failure   Level
 Slow                     Hex            60%        N/A       3%          1
 Sting                    Tmut/Pois      24%        1d4       16%         1
 Summon Small Mammal      Summ           24%        N/A       16%         1
 Inner Flame              Hex/Fire       10%        N/A       22%         3
 Portal Projectile        Hex/Tloc       20%        N/A       22%         3
 Summon Guardian Golem    Hex/Summ       10%        N/A       22%         3
 Poisonous Vapours        Pois/Air       12%        N/A       24%         2
 Cause Fear               Hex            7%         N/A       30%         4
 Call Canine Familiar     Summ           6%         N/A       43%         3
 Olgreb's Toxic Radiance  Pois           6%         N/A       85%         4


Dungeon Overview and Level Annotations

Branches:
Dungeon (3/15)

Altars:
Dithmenos


Innate Abilities, Weirdness & Mutations

You have very sharp teeth.
Your uncanny sense of smell can sniff out nearby items.
Your experience applies equally to all skills.


Message History

You are too injured to fight recklessly!
As you read the scroll of summoning, it crumbles to dust.
Wisps of shadow whirl around you... The adder closely misses you.
The adder bites you.
* * * LOW HITPOINT WARNING * * *
The adder bites you.
* * * LOW HITPOINT WARNING * * *
Your orc barely misses the adder.
The adder attacks as you move away! The adder closely misses you.
The adder bites your worm. x2; Your worm closely misses the adder.
Your orc completely misses the adder.
The adder bites your worm. The adder bites your worm.
Your worm is poisoned.
The adder poisons your worm! The adder bites you.
* * * LOW HITPOINT WARNING * * *
Your worm barely misses the adder.
The adder bites your worm. The adder attacks as you move away!
The adder bites you.
* * * LOW HITPOINT WARNING * * *
Your dart slug launches a dart at the adder.
The slug dart hits the adder.
Flame seeps out of the adder.
The adder bites you but does no damage.
Fire: a) +1 sling
Press: ? - help, Q - select action Shift-Dir - straight line, f/p - adder
Aim: an adder (heavily wounded, inner flame, weak-willed, ally target, 42% to hit)
You shoot a sling bullet. The sling bullet hits the adder.
Flame seeps out of the adder.
The adder is severely wounded.
The adder is engulfed in blazing flames.
Dithmenos accepts your kill.
The adder explodes!
The fiery explosion engulfs your orc!!
You kill your orc!
Your orc's corpse dissolves into shadows!
The adder is engulfed in blazing flames.
Dithmenos accepts your kill.
The adder explodes!
The fiery explosion engulfs you!!
Ouch! That really hurt!
You die...

...........### #~# #§#...#.#
##.######..#######?~~~~##§#.#.#.#
##.# #........#######§##.#.#.#
##.# #.######..##§§§§§##.#.#.#
##.# #)######..##§§#####.#....
##.######.#.......§§§w# #.#.#..
.).))...#.#.......§#§.# #.#.#..
#..######.###...§.§○..# #.#.##.
...######.####..@○#w..#####.#.##.
#....#.......#..§§§.>.[...#.#.##.
#.#####.###.###.####.####.#.#.##.
#.# #...##.#.#.# #.####)#.#.##.
#.# ##.###.#.#.# #.............
..# #.#.#.#.#.# ######.#.#.#..
### #.#.#.#.#.# #.#.#.... #
#...#...#.# ##.#.#.#.. #
##..#####.# #.........


You could see a friendly dart slug (summoned).

Vanquished Creatures
  Sigmund (D:3)
  3 gnolls (D:3)
  A river rat (D:3)
  4 adders
  A worm (D:2)
  3 dart slugs
  6 orcs (D:3)
  4 ball pythons (D:2)
  5 bats
  8 endoplasms
  6 giant cockroaches
  3 goblins
  8 hobgoblins
  3 jackals (D:1)
  5 kobolds
  A quokka (D:3)
  2 frilled lizards
  6 rats
70 creatures vanquished.

Notes
Turn   | Place    | Note
-------+----------+-------------------------------------------
     0 | D:1      | Bobit the Gnoll Hexslinger began the quest for the Orb.
     0 | D:1      | Reached XP level 1. HP: 17/17 MP: 4/4
    94 | D:1      | Reached XP level 2. HP: 23/23 MP: 5/5
   267 | D:1      | Reached XP level 3. HP: 28/28 MP: 5/7
   646 | D:2      | Reached skill level 1 in Invocations
   682 | D:2      | Reached skill level 1 in Short Blades
   682 | D:2      | Reached skill level 1 in Long Blades
   682 | D:2      | Reached skill level 1 in Axes
   682 | D:2      | Reached skill level 1 in Maces & Flails
   682 | D:2      | Reached skill level 1 in Polearms
   682 | D:2      | Reached skill level 1 in Staves
   682 | D:2      | Reached skill level 1 in Throwing
   682 | D:2      | Reached skill level 1 in Armour
   682 | D:2      | Reached skill level 1 in Stealth
   682 | D:2      | Reached skill level 1 in Shields
   682 | D:2      | Reached skill level 1 in Unarmed Combat
   682 | D:2      | Reached skill level 1 in Evocations
   876 | D:2      | Reached XP level 4. HP: 34/34 MP: 8/8
  1461 | D:3      | Reached skill level 1 in Conjurations
  1461 | D:3      | Reached skill level 1 in Summonings
  1461 | D:3      | Reached skill level 1 in Necromancy
  1461 | D:3      | Reached skill level 1 in Translocations
  1461 | D:3      | Reached skill level 1 in Transmutations
  1461 | D:3      | Reached skill level 1 in Fire Magic
  1461 | D:3      | Reached skill level 1 in Ice Magic
  1461 | D:3      | Reached skill level 1 in Air Magic
  1461 | D:3      | Reached skill level 1 in Earth Magic
  1461 | D:3      | Reached skill level 1 in Poison Magic
  1524 | D:3      | Noticed Sigmund
  1561 | D:3      | Found a shadowy altar of Dithmenos.
  1569 | D:3      | Became a worshipper of Dithmenos the Shadowed
  1658 | D:3      | Killed Sigmund
  1659 | D:3      | Reached XP level 5. HP: 33/41 MP: 5/10
  1659 | D:3      | Reached XP level 6. HP: 37/47 MP: 5/11
  2025 | D:3      | Identified the +1 robe of the Stag {Str+2}
  2363 | D:3      | Reached skill level 5 in Ranged Weapons
  2363 | D:3      | Reached skill level 5 in Dodging
  3166 | D:3      | HP: 2/47 [adder (2)]
  3167 | D:3      | Killed by an exploding adder... ignited by their inner
                  | flame

Illustrated notes

Levels and vault maps discovered:
D:1:      lemuel_arrival_lava_pool, layout_rooms, serial_aquarium,
          aquarium_bridge_island_small [aquarium_subvault_small_open,
          aquarium_subvault_window, aquarium_subvault_bridge,
          aquarium_subvault_wall, aquarium_subvault_wall], aquarium_window_fake,
          aquarium_window_3, aquarium_view_2f
D:2:      layout_basic
D:3:      layout_basic, nicolae_dithmenos_shadow_blocks, gup_sewer_entry_spiral,
          grunt_decor_fettered, uniq_sigmund

Skill      XL: |  1  2  3  4  5  6 |
---------------+-------------------+-----
Invocations    | 1 2 |  2.2
Short Blades   | 1 2 |  2.0
Long Blades    | 1 2 |  2.0
Axes           | 1 2 |  2.0
Maces & Flails | 1 2 |  2.0
Polearms       | 1 2 |  2.0
Staves         | 1 2 |  2.0
Throwing       | 1 2 |  2.0
Armour         | 1 2 |  2.0
Stealth        | 1 2 |  2.0
Shields        | 1 2 |  2.0
Unarmed Combat | 1 2 |  2.0
Evocations     | 1 2 |  2.0
Spellcasting   | 3 |  3.5
Conjurations   | 1 |  1.6
Summonings     | 1 |  1.6
Necromancy     | 1 |  1.6
Translocations | 1 |  1.6
Transmutations | 1 |  1.6
Fire Magic     | 1 |  1.6
Ice Magic      | 1 |  1.6
Air Magic      | 1 |  1.6
Earth Magic    | 1 |  1.6
Poison Magic   | 1 |  1.6
Fighting       | 3 |  3.3
Ranged Weapons | 5 |  5.0
Dodging        | 5 |  5.0
Hexes          | |  5.7

Action                     |  1- 3 |  4- 6 || total
---------------------------+-------+-------++-------
  Melee: Short sword       |    21 |       ||    21
         Bite              |     1 |       ||     1
   Fire: Sling             |   118 |   177 ||   295
   Cast: Slow              |     1 |    17 ||    18
    Use: Potion            |       |     6 ||     6
         Scroll            |       |     7 ||     7
 Armour: Robe              |    18 |     2 ||    20
         Skin              |       |     9 ||     9
         Leather armour    |       |    21 ||    21
  Dodge: Dodged            |    71 |    97 ||   168
